 Dungeon Crawl Stone Soup version 0.24-a0-201-gf205589 (webtiles) character file.

Game seed: 3311924672836135227

52 Borgoz the Skirmisher (level 3, -3/33 HPs)
             Began as a Ghoul Monk on Mar 23, 2019.
             Slain by a gnoll
             ... wielding a +0 spear
              (4 damage)
             ... on level 2 of the Dungeon.
             The game lasted 00:01:54 (1173 turns).

Borgoz the Skirmisher (Ghoul Monk)                  Turns: 1173, Time: 00:01:55

Health: -3/33      AC:  3    Str: 14    XL:     3   Next: 85%
Magic:  2/2        EV: 13    Int:  6    God:
Gold:   72         SH:  0    Dex: 11    Spells: 2/2 levels left

rFire    . . .     SeeInvis .   a - +0 short sword
rCold    + . .     Gourm    .   (no shield)
rNeg     + + +     Faith    .   b - +0 robe
rPois    ∞         Spirit   .   j - +0 helmet (curse)
rElec    .         Reflect  .   (no cloak)
rCorr    .         Harm     .   (no gloves)
MR       .....     Rnd*Tele +   (no boots)
Stlth    ++........             (no amulet)
HPRegen  0.00/turn              e - ring of teleportation (curse)
MPRegen  0.08/turn              (no ring)

@: rotting
A: rotting body, claws 1, carnivore, cold resistance 1, negative energy
resistance 3, inhibited regeneration, torment resistance, unbreathing
a: no special abilities


You were on level 2 of the Dungeon.
You were not hungry.

You visited 1 branch of the dungeon, and saw 2 of its levels.

You collected 72 gold pieces.

Inventory:

Hand Weapons
 a - a +0 short sword (weapon)
Armour
 b - a +0 robe (worn)
 j - a cursed +0 helmet (worn)
Jewellery
 e - a cursed ring of teleportation (left claw)
Scrolls
 d - a scroll of enchant weapon {unknown}
 h - a scroll of immolation {unknown}
Potions
 g - a potion of brilliance {unknown}
 i - a potion of curing {unknown}
Comestibles
 c - 2 rations
 f - 4 chunks of flesh


   Skills:
 + Level 3.8 Fighting
 + Level 3.1 Short Blades
 + Level 1.2 Armour
 + Level 3.1 Dodging
 - Level 2.1 Stealth


You had 2 spell levels left.
You didn't know any spells.
Your spell library was empty.

Dungeon Overview and Level Annotations

Branches:
Dungeon (2/15)

Altars:


Innate Abilities, Weirdness & Mutations

Your body is rotting away.
You thrive on raw meat.
You are immune to poison.
You have sharp fingernails.
You are carnivorous and can eat meat at any time.
Your flesh is cold resistant. (rC+)
You are immune to negative energy. (rN+++)
You do not regenerate when monsters are visible.
You are immune to unholy pain and torment.
You can survive without breathing.


Message History

You hit the gnoll.
The gnoll is severely wounded.
The gnoll closely misses you.
You hit the gnoll.
You kill the gnoll!
You hit the worm.
The worm is lightly wounded.
Eat one of 5 chunks of flesh? (ye/n/q)
You eat one of the 5 chunks of flesh.
This raw flesh tastes great!
The gnoll hits you from afar with a +0 spear.
The worm barely misses you.
You barely miss the worm.
The gnoll hits you from afar with a +0 spear!
* * * LOW HITPOINT WARNING * * *
You hit the worm but do no damage. The gnoll closely misses you.
The worm bites you!
* * * LOW HITPOINT WARNING * * *
You barely miss the worm.
The gnoll hits you from afar with a +0 spear.
You die...

# ###### .....# ####.# #
#.# ###### #####. #
########....#####......
# #..........@wg..####.#
# #.#.....#.####.......#
# #.#.##..........#.####
######.#..#..#.#.†...# #
.........###.#.#..g..#
######.###.....#.....#
.......).......#.......#
.(...))..#.#...#..#.#g##
.........#..............


You could see a worm and a gnoll.

Vanquished Creatures
  A gnoll (D:2)
  An adder (D:2)
  A dart slug (D:1)
  2 giant cockroaches
  5 hobgoblins
  4 jackals (D:1)
  4 kobolds (D:1)
  2 bats
  A frilled lizard (D:2)
  5 goblins
  3 rats (D:1)
29 creatures vanquished.

Notes
Turn   | Place    | Note
-------+----------+-------------------------------------------
     0 | D:1      | Borgoz the Ghoul Monk began the quest for the Orb.
     0 | D:1      | Reached XP level 1. HP: 19/19 MP: 0/0
   278 | D:1      | Reached XP level 2. HP: 26/26 MP: 1/1
   879 | D:1      | Reached XP level 3. HP: 31/31 MP: 2/2
   968 | D:2      | Reached skill level 1 in Armour
  1172 | D:2      | HP: 1/33 [worm (8)]
  1173 | D:2      | Slain by a gnoll

Levels and vault maps discovered:
D:1:      minmay_arrival_hallway, layout_loops_corners, minmay_heptomino_o4
D:2:      layout_basic

Skill      XL: |  1  2  3 |
---------------+----------+-----
Short Blades   | 3 |  3.1
Dodging        | 3 |  3.1
Armour         | 1 |  1.2
Fighting       | |  3.8
Stealth        | |  2.1

Action                   || total
-------------------------++-------
Melee: Short sword       ||   146
 Stab: Sleeping          ||     1
  Eat: Chunk             ||    17
Armor: Robe              ||    18
Dodge: Dodged            ||   109

Table legend:
 A = Non-vault XP
 B = Vault XP
 C = Vault XP percentage of total XP
 D = Non-vault monster count
 E = Vault monster count
 F = Vault count percentage of total count
                 A         B        C        D         E       F
            +---------+---------+-------+---------+---------+-------
      Total |      69 |       6 |   8.0 |      25 |       4 |  13.8
            +---------+---------+-------+---------+---------+-------
        D:1 |      30 |       6 |  16.7 |      16 |       4 |  20.0
        D:2 |      39 |       0 |   0.0 |       9 |       0 |   0.0
            +---------+---------+-------+---------+---------+-------
